 Dungeon Crawl Stone Soup version 0.31-a0-851-g7ff8af7976 (webtiles) character file.

Game seed: 8598817517224334261

575 jasper the Chiller (level 7, -2/68 HPs)
             Began as an Ogre Ice Elementalist on Oct 7, 2023.
             Slain by Edmund
             ... wielding a +5 heavy dire flail
              (14 damage)
             ... on level 5 of the Dungeon.
             The game lasted 00:10:32 (4430 turns).

jasper the Chiller (Ogre Ice Elementalist)          Turns: 4430, Time: 00:10:33

Health: -2/68      AC: 10    Str: 13    XL:     7   Next: 35%
Magic:  3/14       EV:  9    Int: 18    God:
Gold:   146        SH:  0    Dex:  9    Spells: 3/15 levels left

rFire   + . .        d - +5 dagger
rCold   . . .        (no shield)
rNeg    . . .        a - +1 robe
rPois   .            (helmet restricted)
rElec   .            (no cloak)
rCorr   .            (gloves unavailable)
SInv    .            (boots unavailable)
Will    .....        (no amulet)
Stlth   +            p - ring of wizardry
HPRegen 0.31/turn    f - ring of protection from fire
MPRegen 0.14/turn

%: wizardry (x1)
@: ice-armoured, about to teleport
A: large, unfitting armour, tough skin 1
a: no special abilities


You were on level 5 of the Dungeon.
You visited 1 branch of the dungeon, and saw 5 of its levels.

You collected 146 gold pieces.

Inventory:

Hand Weapons
 c - a +0 whip
 d - a +5 dagger (weapon)
 k - a +0 spear
 s - a +0 rapier
Armour
 a - a +1 robe (worn)
Jewellery
 f - a ring of protection from fire (right hand)
 p - a ring of wizardry (left hand)
 t - an amulet of guardian spirit
Wands
 i - a wand of roots (8)
 u - a wand of digging (8)
Scrolls
 e - 2 scrolls of identify
 m - a scroll of enchant weapon
 o - a scroll of teleportation
 q - a scroll of enchant armour
 r - a scroll of fog
 v - a scroll of revelation
Potions
 b - a potion of magic
 g - a potion of heal wounds
 h - a potion of enlightenment
 j - 2 potions of brilliance
 l - a potion of curing
 n - a potion of invisibility


   Skills:
 + Level 3.9 Fighting
 - Level 1.7 Dodging
 - Level 1.4 Stealth
 + Level 4.7 Spellcasting
 + Level 2.3 Conjurations
 * Level 5.8 Ice Magic


You had 3 spell levels left.
You knew the following spells:

 Your Spells              Type           Power      Damage    Failure   Level
a - Freeze                Ice            100%       1d10      1%          1
b - Frozen Ramparts       Ice            50%        1d8       1%          3
c - Ozocubu's Armour      Ice            25%        N/A       1%          3
d - Hailstorm             Conj/Ice       19%        3d6       3%          3
e - Blink                 Tloc           8%         N/A       9%          2

Your spell library contained the following spells:

 Spells                   Type           Power      Damage    Failure   Level
 Momentum Strike          Conj/Tloc      16%        3d8       5%          2
 Lesser Beckoning         Tloc           8%         N/A       9%          2
 Dazzling Flash           Conj/Hex       16%        N/A       11%         3
 Tukima's Dance           Hex            4%         N/A       16%         3
 Volatile Blastmotes      Fire/Tloc      8%         2d10      16%         3
 Summon Ice Beast         Ice/Summ       14%        N/A       16%         4
 Passage of Golubria      Tloc           4%         N/A       45%         4
 Yara's Violent Unravell  Hex/Tmut       2%         3d3       80%         5
 Starburst                Conj/Fire      4%         6d3       99%         6
 Maxwell's Capacitive Co  Air            2%         ∞         100%        8


Dungeon Overview and Level Annotations

Branches:
Dungeon (5/15)
 Temple: D:4-7

Altars:
Fedhas
Okawaru

Annotations:
D:5 Edmund


Innate Abilities, Weirdness & Mutations

You are too large for most types of armour.
You have tough skin. (AC +1)


Message History

You take 22 damage, and have 34/68 hp.
MASSIVE DAMAGE!!
You now have 5/14 mp.
Aiming: Freeze (safe; 1% risk of failure)
Press: ? - help, Q - select action, (/) - cycle Shift-Dir - straight line, f/p - Edmund
Aim: Edmund, wielding a +5 heavy dire flail and wearing a +0 scale mail (moderately wounded)
You freeze Edmund.
Edmund is moderately wounded.
You feel sick.
The wall freezes Edmund!
Edmund hits you with a +5 heavy dire flail!
You take 11 damage, and have 23/68 hp.
You now have 4/14 mp.
Aiming: Freeze (safe; 1% risk of failure)
Press: ? - help, Q - select action, (/) - cycle Shift-Dir - straight line, f/p - Edmund
Aim: Edmund, wielding a +5 heavy dire flail and wearing a +0 scale mail (heavily wounded)
You freeze Edmund.
Edmund is severely wounded.
You feel sick.
You take 1 damage, and have 22/68 hp.
You now have 3/14 mp.
You feel much better.
The frozen ramparts melt away.
You feel sick.
Edmund hits you with a +5 heavy dire flail!
You regained 4 hp, and now have 26/68 hp.
Aiming: Freeze (safe; 1% risk of failure)
Press: ? - help, Q - select action, (/) - cycle Shift-Dir - straight line, f/p - Edmund
Aim: Edmund, wielding a +5 heavy dire flail and wearing a +0 scale mail (severely wounded)
You freeze Edmund!
Edmund is almost dead.
You feel sick.
You are no longer poisoned.
Edmund hits you with a +5 heavy dire flail!
* * * LOW HITPOINT WARNING * * *
You take 15 damage, and have 11/68 hp.
MASSIVE DAMAGE!!
You now have 2/14 mp.
Casting: Freeze (safe; 1% risk of failure)
Confirm with . or Enter, or press ? or * to list all spells.
You don't have enough magic to cast this spell.
Unknown command.
As you read the scroll of teleportation, it crumbles to dust.
You feel strangely unstable.
Okay, then.
Edmund hits you but does no damage.
Edmund hits you with a +5 heavy dire flail!
You die...
Edmund whines, "They better pay attention to me now!"

. #+# ... #.#
≈... #.###.≈..<
#.........
########.........
......@@.....#...
......##.....#...
..... #.....#...
.... #.....#...
... #......... ..
#......... .
#....._..
#........


You could see Edmund.

Vanquished Creatures
  Duvessa (D:4)
  An ogre (D:3)
  2 scorpions
  Dowan (D:4)
  A gnoll bouda (D:4)
  A sleepcap (D:4)
  4 adders
  5 gnolls
  3 worms
  3 dart slugs
  An orc (D:4)
  6 ball pythons
  7 endoplasms
  3 giant cockroaches
  10 goblins
  9 hobgoblins
  3 jackals (D:1)
  5 quokkas
  3 bats
  6 frilled lizards
  4 kobolds
  7 rats
86 creatures vanquished.

Notes
Turn   | Place    | Note
-------+----------+-------------------------------------------
     0 | D:1      | jasper the Ogre Ice Elementalist began the quest for the
                  | Orb.
     0 | D:1      | Reached XP level 1. HP: 16/16 MP: 3/3
   198 | D:1      | Reached XP level 2. HP: 24/24 MP: 2/5
   492 | D:1      | Reached skill level 4 in Ice Magic
   666 | D:1      | Reached XP level 3. HP: 30/31 MP: 4/7
   670 | D:1      | Learned a level 3 spell: Frozen Ramparts
  1287 | D:2      | Found a faded altar of an unknown god.
  1460 | D:2      | Reached skill level 1 in Fighting
  1633 | D:2      | Reached XP level 4. HP: 41/41 MP: 7/9
  1637 | D:2      | Learned a level 3 spell: Ozocubu's Armour
  1953 | D:2      | Learned a level 3 spell: Hailstorm
  2488 | D:3      | Reached XP level 5. HP: 49/49 MP: 1/10
  2757 | D:3      | Noticed an ogre
  2760 | D:3      | Found an iron altar of Okawaru.
  2776 | D:3      | Killed an ogre
  2777 | D:3      | Reached skill level 1 in Conjurations
  2777 | D:3      | Reached skill level 5 in Ice Magic
  3407 | D:4      | Noticed Duvessa
  3407 | D:4      | Noticed Dowan
  3414 | D:4      | Killed Duvessa
  3415 | D:4      | Reached XP level 6. HP: 59/61 MP: 1/12
  3415 | D:4      | Killed Dowan
  3746 | D:4      | Reached XP level 7. HP: 48/67 MP: 2/13
  3983 | D:4      | Learned a level 2 spell: Blink
  4406 | D:5      | Entered Level 5 of the Dungeon
  4408 | D:5      | Found a blossoming altar of Fedhas.
  4410 | D:5      | Noticed Edmund
  4430 | D:5      | Slain by Edmund

Illustrated notes

Levels and vault maps discovered:
D:1:      co_arrival_random_square_maze, layout_loops_ring,
          minmay_misc_feat_alley, st_stairs_3
D:2:      layout_basic, ebering_ecumenical_altar_box, st_stairs_8,
          minmay_between
D:3:      layout_loops_ring, okawaru_trees_2, minivault_5,
          kennysheep_generic_room_6
D:4:      layout_loops_corners, uniq_duvessa
D:5:      layout_basic, good_gods_mini_temple, mainiacjoe_overflow_boulevard,
          minitemple, minmay_misc_feat_columns, uniq_edmund

Skill      XL: |  1  2  3  4  5  6 |
---------------+-------------------+-----
Spellcasting   | 3 4 |  4.7
Ice Magic      | 4 5 |  5.8
Fighting       | 1 3 |  3.9
Conjurations   | 1 2 |  2.3
Dodging        | |  1.7
Stealth        | |  1.4

Action                     |  1- 3 |  4- 6 |  7- 9 || total
---------------------------+-------+-------+-------++-------
  Melee: Unarmed           |     2 |       |       ||     2
         Dagger            |    18 |    71 |    14 ||   103
         Punch             |       |     4 |       ||     4
   Cast: Freeze            |    41 |    11 |     8 ||    60
         Frozen Ramparts   |     2 |    19 |     3 ||    24
         Hailstorm         |       |     1 |       ||     1
         Ozocubu's Armour  |       |     4 |     2 ||     6
  Evoke: Wand              |       |     2 |       ||     2
    Use: Scroll            |     4 |     9 |     1 ||    14
         Potion            |       |       |     1 ||     1
   Stab: Sleeping          |       |     1 |       ||     1
 Armour: Robe              |    33 |    56 |    20 ||   109
  Dodge: Dodged            |    19 |    31 |     4 ||    54

Table legend: (Time is in decaauts)
 A = Elapsed time spent in this place.
 B = Non-inter-level travel time spent in this place.
 C = Inter-level travel time spent in this place.
 D = Time resting spent in this place.
 E = Time spent auto-exploring this place.
 F = Levels seen in this place.
 G = Mean time per level.
                   A        B        C        D        E       F      G
               +--------+--------+--------+--------+--------+-----+--------+
         Total |   4427 |   4318 |    109 |    278 |   3358 |   5 |  885.4 |
       Dungeon |   4427 |   4318 |    109 |    278 |   3358 |   5 |  885.4 |
               +--------+--------+--------+--------+--------+-----+--------+

Top non-repeatable levels by time:
     D:1: 1277 daAuts
     D:4: 1212 daAuts
     D:3: 1007 daAuts
     D:2: 905 daAuts
     D:5: 23 daAuts
